AoeStats
← impossible

Arena

510059472Analyzed
4v4 RM · 4d ago on Sep 29, 2026· 39m 3s· 8 players
Game mode
Random Map
Map size
Large (8 player)
Population
200
Speed
Normal
Resources
Standard
Victory
Conquest
Starting age
Dark Age
Ending age
Imperial Age
RankedLock teamsTeams togetherTeam positionsShared explorationLock speedFull tech treeHidden civsTurbo modeCheats
Victory
Defeat
🇹🇼 Saxons · Taiwan
1295
+10
🇹🇼 Varangians · Taiwan
1264
+11
🇷🇺 Vietnamese · Russia
1226
+13
🇺🇸 Spanish · United States
1080
+19
🇦🇺 Byzantines · Australia
1170
-14
🇫🇮 Danes · Finland
1166
-14
🇲🇽 Vikings · Mexico
1145
-13
🇭🇰 Varangians · Hong Kong SAR China
1115
-12
JustHomelander
10:23 Feudal Age
14:37 Castle Age
22:32 Arson
23:07 Double-Bit Axe
24:11 Squires
24:06 Horse Collar
25:23 Bow Saw
25:16 Heavy Plow
26:10 Forging
26:00 Scale Mail Armor
31:01 Imperial Age
29:26 Iron Casting
29:06 Chain Mail Armor
29:15 Caravan
29:37 Gold Mining
30:08 Chain Mail Armor
30:05 Loom
30:27 Chieftains
31:07 Fletching
31:32 Masonry
31:42 Ballistics
31:21 Murder Holes
32:18 Conscription
31:47 Elite Berserk
34:43 Blast Furnace
34:13 Plate Mail Armor
33:39 Bodkin Arrow
33:37 Pikeman
36:06 Hoardings
36:14 Man-at-Arms
37:26 Bracer
37:27 Padded Archer Armor
38:36 Chemistry
37:41 Elite Skirmisher
TFS|Nappa
10:31 Feudal Age
14:41 Castle Age
12:56 Double-Bit Axe
13:22 Horse Collar
15:47 Bow Saw
15:54 Heavy Plow
20:45 Loom
21:36 Wheelbarrow
24:11 Hand Cart
27:43 Imperial Age
25:35 Gold Mining
27:11 Squires
28:07 Elite Varangian Guard
30:35 Conscription
31:09 Scale Mail Armor
31:20 Forging
33:20 Chain Mail Armor
33:41 Iron Casting
33:11 Onager
37:52 Arson
JohTo
0:28 Loom
9:44 Feudal Age
14:24 Castle Age
12:51 Double-Bit Axe
13:26 Horse Collar
14:38 Scale Barding Armor
21:56 Fervor
22:55 Wheelbarrow
22:05 Town Watch
23:32 Town Watch
26:00 Bow Saw
26:29 Husbandry
26:57 Heavy Plow
28:30 Chain Barding Armor
30:03 Hand Cart
30:28 Gold Mining
30:28 Stone Mining
31:21 Town Patrol
35:04 Imperial Age
34:17 Forging
34:29 Bloodlines
33:40 Light Cavalry
35:02 Devotion
35:47 Stone Shaft Mining
36:34 Plate Barding Armor
37:01 Iron Casting
37:23 Conscription
36:27 Vendel Legacy
37:10 Hussar
40:15 Blast Furnace
40:26 Two-Man Saw
Dark Balrog Chicken
8:50 Feudal Age
11:24 Loom
14:35 Castle Age
13:19 Horse Collar
13:27 Double-Bit Axe
18:45 Stone Mining
24:04 Bow Saw
25:10 Ballistics
24:48 Fletching
26:40 Wheelbarrow
26:57 Fortified Wall
28:47 Hand Cart
28:58 Treadmill Crane
31:28 Pikeman
32:13 Scale Mail Armor
32:24 Forging
32:30 Heavy Plow
32:48 Squires
36:15 Imperial Age
34:56 Chain Mail Armor
36:45 Iron Casting
36:19 Heavy Camel Rider
37:29 Husbandry
yoooo147
10:13 Feudal Age
11:54 Loom
14:48 Castle Age
13:13 Double-Bit Axe
16:17 Bow Saw
16:32 Horse Collar
21:30 Wheelbarrow
22:39 Stone Mining
24:52 Hand Cart
24:37 Fletching
24:14 Crossbowman
25:38 Heavy Plow
25:41 Bodkin Arrow
25:54 Town Watch
27:05 Padded Archer Armor
27:33 Gold Mining
28:52 Ballistics
31:31 Imperial Age
29:27 Thumb Ring
30:25 Leather Archer Armor
32:15 Bracer
33:18 Chemistry
31:42 Arbalester
31:42 Elite Skirmisher
34:01 Conscription
35:19 Ring Archer Armor
34:50 Scale Mail Armor
35:01 Forging
35:24 Shield Wall
36:44 Squires
36:30 Gambesons
36:30 Arson
bvinh6112
9:55 Feudal Age
13:34 Castle Age
12:06 Double-Bit Axe
12:06 Horse Collar
14:41 Bow Saw
17:31 Fervor
21:30 Wheelbarrow
22:50 Loom
24:11 Heavy Plow
24:27 Hand Cart
27:30 Imperial Age
25:46 Forging
25:41 Scale Barding Armor
27:26 Iron Casting
26:56 Scale Barding Armor
27:24 Bloodlines
27:14 Husbandry
28:15 Cavalier
30:45 Block Printing
30:59 Conscription
32:57 Blast Furnace
32:17 Chain Barding Armor
34:50 Two-Man Saw
34:49 Paladin
36:41 Chain Barding Armor
36:33 Fletching
38:34 Plate Barding Armor
impossible
9:44 Feudal Age
14:06 Castle Age
13:05 Double-Bit Axe
15:27 Wheelbarrow
17:32 Gold Mining
18:18 Fletching
20:13 Bodkin Arrow
21:12 Loom
25:11 Masonry
26:19 Hand Cart
30:55 Imperial Age
28:16 Town Watch
28:57 Bow Saw
28:28 Horse Collar
28:40 Stone Mining
29:31 Ballistics
29:17 Padded Archer Armor
30:45 Stone Shaft Mining
30:26 Leather Archer Armor
29:53 Treadmill Crane
31:27 Heavy Plow
31:27 Murder Holes
32:42 Bracer
33:10 Thumb Ring
32:30 Crossbowman
33:38 Elite Rattan Archer
35:19 Ring Archer Armor
39:00 Chemistry
39:04 Paper Money
38:11 Arbalester
39:19 Siege Engineers
MAVERICK
10:03 Feudal Age
14:22 Castle Age
13:59 Scale Barding Armor
14:05 Forging
13:45 Double-Bit Axe
13:42 Horse Collar
15:01 Bloodlines
21:10 Bow Saw
21:49 Loom
22:39 Wheelbarrow
21:52 Loom
22:22 Town Watch
29:36 Imperial Age
27:33 Husbandry
28:45 Chain Barding Armor
29:01 Iron Casting
29:11 Stone Mining
29:11 Gold Mining
30:59 Heavy Plow
30:33 Cavalier
33:34 Hand Cart
34:01 Plate Barding Armor
34:44 Blast Furnace
34:30 Vendel Legacy
Connection lost

Rejoining the realm…

Still unreachable

The connection could not be restored.

Session expired

The server has moved on; the page needs a fresh start.